zigbar, neutral male gnomish Healer -- --.-- --- --- |...|-------- -..-- ----..- |...--...--.-- -....-- |......- -..........|---- ..*...| --- |....... |..G.......--..-------------.(....-- |..----- -......---................F.................| |.*....-- --- -..........G.......@.-------- | .......-- -...<.---.-- --...................| --.......| |........(.-- |...................| |........| ---......|...| --...l............--- --.---- -- |...-..----*-- |...............-- |...| ---.--...| --- |..............-- ---.-- |...||...---- --....h---.....| |^.------.-----.....- ----..| |G....| |..........---..-....--- - ---- ......- --..---..................| ........ ---|.....---------------- .......... -.....| --.......(.| |....--- ----.-.---- --.--- -- zigbar the Empiric Experience level: 5 Strength: 10 Dexterity: 9 Constitution: 16 Intelligence: 6 Wisdom: 6 Charisma: 17 Health: 16(36) Energy: 33(33) AC: 5 Gold: 2971 Moves: 2871 Your Inventory: Coins $ - 2971 gold pieces Amulets n - a [cursed] triangular amulet [of change] Weapons a - an uncursed +0 scalpel (weapon in hand) U - 2 [uncursed +0] crude daggers [orcish] Armor b - an uncursed +1 pair of leather gloves (being worn) p - a [cursed] -1 cloak of displacement (being worn) q - a cursed +2 helmet of brilliance called cornuthaum [dunce cap] (being worn) s - an [uncursed] +0 pair of boots called elven/kicking [kicking] (being worn) Scrolls x - a [blessed] scroll of blank paper z - an [uncursed] scroll labeled VAS CORP BET MANI [of enchant weapon] B - an [uncursed] scroll labeled MAPIRO MAHAMA DIROMAT [of create monster] Spellbooks g - a blessed spellbook of healing h - a blessed spellbook of extra healing i - a blessed spellbook of stone to flesh y - an [uncursed] ochre spellbook [of detect monsters] Potions d - 2 uncursed potions of healing e - an uncursed potion of extra healing X - an [uncursed] puce potion [of gain ability] Wands f - a blessed wand of sleep (0:2) t - an [uncursed] silver wand [of striking (0:8)] v - an [uncursed] iron wand [of digging (0:4)] w - an [uncursed] maple wand [of opening (0:6)] Tools c - an uncursed stethoscope C - an [uncursed] towel W - an [uncursed] magic marker [0:29] Gems Y - 11 [uncursed] rocks Spells known in the end: Name Level Category Fail Memory a - healing 1 healing 39% [|||||||.] b - extra healing 3 healing 63% [|||||||.] c - stone to flesh 3 healing 72% [|||||||.] Your skills at the end: Fighting Skills Weapon Skills knife [Basic / Expert] Spellcasting Skills healing spells [Basic / Expert] Final Attributes: You were piously aligned. Hunger level was 264. Your alignment was 24 / 24. Monster difficulty range was 0 - 5. Level difficulty was 5. You were immune to poison. You had infravision. You were displaced. Your luck was zero. You survived. Vanquished creatures: 2 small mimics 3 rock piercers a pony a kobold mummy a gray ooze an elf zombie a wax golem a giant ant a homunculus a kobold lord 5 hill orcs 4 rothes an iguana 4 acid blobs 2 coyotes a hobbit a giant rat a green mold 2 gnomes 2 geckos 5 jackals 2 foxes a goblin a grid bug 5 newts 50 creatures vanquished. Voluntary challenges: You used a wielded weapon 67 times. You read items or engraved 3 times. You put on armor 6 times. You never genocided any monsters. You never polymorphed an object. You never changed form. You used no wishes. You wrote Elbereth's name 1 time. You encountered 1 bones level. You never used any Sokoban shortcuts. Dungeon overview: The Dungeons of Doom: levels 1 to 6 Level 1 a fountain a long staircase Level 2 a fountain Level 3 an armor shop, a fountain Level 4 a general store stairs to The Gnomish Mines Level 5 ( ) The Gnomish Mines: Level 5 <- You were here stairs to The Dungeons of Doom History has recorded: On T:1 you entered the Dungeons of Doom to retrieve the Amulet of Yendor! On T:268 you reached level 2 of The Dungeons of Doom. On T:479 you advanced to experience level 2. On T:487 you reached level 3 of The Dungeons of Doom. On T:798 you reached level 4 of The Dungeons of Doom. On T:1018 you advanced to experience level 3. On T:1106 you advanced to experience level 4. On T:1164 you advanced to experience level 5. On T:1970 you reached level 5 of The Dungeons of Doom. On T:2560 you reached level 6 of The Dungeons of Doom. On T:2761 you reached level 1 of The Gnomish Mines. Latest messages: Never mind. The hobbit strikes at your displaced image and misses you! [HP+1=29] You hear crashing rock. The hobbit thrusts her runed dagger. The hobbit hits! [HP-4=25] You hit the hobbit. The hobbit thrusts her runed dagger. The hobbit hits! [HP-3=22] You hit the hobbit. The hobbit thrusts her runed dagger. The hobbit hits! [HP-6=16] You kill the hobbit! You hear a distant squeak. The leprechaun strikes at your displaced image and misses you! The leprechaun hits! Your purse feels lighter. Final status: Goodbye zigbar the Healer... You quit in The Gnomish Mines on dungeon level 5 with 1953 points, and 2971 pieces of gold, after 2871 moves. You were level 5 with a maximum of 36 hit points when you quit.